[Event "European Rapid Championship 2021"]
[Site "Katowice"]
[Date "2021.12.19"]
[Round "10.26"]
[White "Wiewiora, Eneasz"]
[Black "Sotsky, Alexander"]
[Result "1/2-1/2"]
[ECO "C10"]
[WhiteElo "2333"]
[BlackElo "2333"]
[Annotator "NA"]
[PlyCount "131"]
[EventDate "2021.12.18"]
[EventType "swiss"]
[EventCountry "POL"]
[SourceTitle "playchess.com"]
[Source "ChessBase"]
[SourceQuality "1"]
[TimeControl "900+10"]

1. e4 e6 2. d4 d5 3. Nc3 dxe4 4. Nxe4 Bd7 5. Nf3 Bc6 6. Bd3 Bxe4 7. Bxe4 c6 8. O-O Nf6 9. Bd3 Bd6 10. c4 Nbd7 11. Qe2 O-O 12. b3 Qc7 13.
Bb2 Rfe8 14. Rae1 a5 15. a4 Rad8 16. Bb1 g6 17. h3 Bf8 18.
Ne5 Bg7 19. f4 c5 20. Qe3 b6 21. Qf3 Nb8 22. Rd1 Nfd7 23. d5 exd5 24. Rxd5 Nxe5 25. Bxe5 Bxe5 26. Rxe5 Rxe5 27. fxe5 Re8 28.
Be4 Rxe5 29. Bd5 Rf5 30. Qe3 Rxf1+ 31. Kxf1 Na6 32. h4 Nb4 33. h5 Nxd5 34. cxd5 gxh5 35. Qg5+ Kf8 36. Qf6 Qg3 37. Qd8+ Kg7 38. d6 Qd3+ 39. Kf2 Qd4+ 40. Ke2 Qe4+ 41. Kd1 Qd4+ 42. Ke2 Qe5+ 43. Kd1 Qd4+ 44. Ke2 Qb2+ 45. Ke1 Qc3+ 46. Ke2 Qc2+ 47. Ke1 Qc3+ 48. Ke2 Qe5+ 49. Kd1 Qd5+ 50. Ke1 Qe6+ 51. Kd2 Qd5+ 52. Ke1 Qe6+ 53. Kd2 Qd5+ 54. Ke1 Qe4+ 55. Kd1 Qd4+ 56. Ke2 Qb2+ 57. Ke1 Qc3+ 58. Ke2 Qc2+ 59. Ke1 Qe4+ 60. Kd1 Qd4+ 61. Ke2 Qg4+ 62. Kd3 Qd4+ 63. Ke2 Qb2+ 64. Ke1 Qc1+ 65. Ke2 Qb2+ 66. Ke1 1/2-1/2

[Event "European Rapid Championship 2021"]
[Site "Katowice"]
[Date "2021.12.19"]
[Round "10.27"]
[White "Spalir, Jernej"]
[Black "Szente Varga, Fruzsina"]
[Result "1-0"]
[ECO "D75"]
[WhiteElo "2340"]
[BlackElo "1984"]
[Annotator "NA"]
[PlyCount "63"]
[EventDate "2021.12.18"]
[EventType "swiss"]
[EventCountry "POL"]
[SourceTitle "playchess.com"]
[Source "ChessBase"]
[SourceQuality "1"]
[TimeControl "900+10"]

1. d4 Nf6 2. c4 g6 3. Nc3 Bg7 4. Nf3 O-O 5. g3 d5 6. cxd5 Nxd5 7. Bg2 c5 8. O-O Nc6 9. dxc5 Nxc3 10. bxc3 Bxc3 11. Rb1 Qa5 12. Bh6 Rd8 13. Qc2 Bg4 14. Rfc1 Bxf3 15. Bxf3 Bd2 16. Bxd2 Rxd2 17. Qe4 Rd7 18. a4 Rad8 19. h4 h5 20. Kg2 a6 21. Qf4 e5 22. Qg5 Qxa4 23.
Bxh5 Qe4+ 24. Bf3 Qa4 25. h5 Kg7 26. hxg6 fxg6 27. Rh1 e4 28.
Bg4 Rf7 29. Be6 Re7 30. Bf5 Rg8 31. Bxg6 Qa2 32. Rh7+ 1-0

[Event "European Rapid Championship 2021"]
[Site "Katowice"]
[Date "2021.12.19"]
[Round "10.27"]
[White "Kacprzak, Karol"]
[Black "Fus, Jakub"]
[Result "0-1"]
[ECO "B12"]
[WhiteElo "2038"]
[BlackElo "2252"]
[Annotator "NA"]
[PlyCount "64"]
[EventDate "2021.12.18"]
[EventType "swiss"]
[EventCountry "POL"]
[SourceTitle "playchess.com"]
[Source "ChessBase"]
[SourceQuality "1"]
[TimeControl "900+10"]

1. e4 c6 2. d4 d5 3. e5 Bf5 4. h4 h6 5. g4 Bd7 6. h5 c5 7. c3 Qb6 8. dxc5 Qxc5 9. Bg2 e6 10. Nf3 Qc7 11. Bf4 Ne7 12. Nbd2 Na6 13. Nb3 Nc6 14. Qd2 Nc5 15. Nxc5 Bxc5 16. O-O-O Na5 17. Qc2 Nc4 18. Kb1 Qb6 19. Ka1 Bxf2 20. Nd4 Be3 21. Rdf1 Bxd4 22. cxd4 Qxd4 23. Rh3 Rc8 24. Rd3 Qb6 25. Rc3 O-O 26. g5 Ne3 27. Bxe3 Qxe3 28. gxh6 Rxc3 29. bxc3 Qxh6 30. Qf2 Qg5 31. Qe2 Rc8 32. Qf2 Be8 0-1

[Event "European Rapid Championship 2021"]
[Site "Katowice"]
[Date "2021.12.19"]
[Round "10.28"]
[White "Grabarczyk, Miroslaw"]
[Black "Krawczyk, Flawian"]
[Result "1-0"]
[ECO "E68"]
[WhiteElo "2373"]
[BlackElo "2154"]
[Annotator "NA"]
[PlyCount "67"]
[EventDate "2021.12.18"]
[EventType "swiss"]
[EventCountry "POL"]
[SourceTitle "playchess.com"]
[Source "ChessBase"]
[SourceQuality "1"]
[TimeControl "900+10"]

1. d4 Nf6 2. c4 g6 3. Nf3 Bg7 4. g3 O-O 5. Bg2 d6 6. Nc3 Nbd7 7. O-O e5 8. e4 exd4 9. Nxd4 Re8 10. Re1 Nc5 11. Nb3 Nxb3 12. axb3 Bd7 13. Be3 a6 14. Bd4 Ng4 15. Bxg7 Kxg7 16. h3 Ne5 17. f4 Nc6 18. Nd5 Be6 19. Qd2 a5 20. Qc3+ f6 21. c5 Rc8 22. Rad1 Bxd5 23. exd5 Nb4 24. Rxe8 Qxe8 25. Re1 Qf8 26. g4 Re8 27. Re6 Rxe6 28. dxe6 d5 29. g5 Na6 30. Bxd5 c6 31. Bc4 Nc7 32. Qxa5 Qe7 33. gxf6+ Kxf6 34. Qc3+ 1-0

[Event "European Rapid Championship 2021"]
[Site "Katowice"]
[Date "2021.12.19"]
[Round "10.28"]
[White "Balacek, Tadeas"]
[Black "Parol, Pawel"]
[Result "1-0"]
[ECO "D43"]
[WhiteElo "2354"]
[BlackElo "2146"]
[Annotator "NA"]
[PlyCount "111"]
[EventDate "2021.12.18"]
[EventType "swiss"]
[EventCountry "POL"]
[SourceTitle "playchess.com"]
[Source "ChessBase"]
[SourceQuality "1"]
[TimeControl "900+10"]

1. d4 d5 2. c4 c6 3. Nf3 Nf6 4. Nc3 e6 5. g3 Nbd7 6. Bg2 Bd6 7. O-O O-O 8.
Nd2 b6 9. e4 dxe4 10. Ndxe4 Nxe4 11. Nxe4 Be7 12. Qc2 Bb7 13. Rd1 Nf6 14. c5 Nd5 15. a3 Qd7 16. Bg5 f6 17. Bd2 Ba6 18. b4 Be2 19. Re1 Bh5 20.
Nc3 bxc5 21. dxc5 Bg6 22. Qb3 Bf7 23. Rad1 Qc7 24. Qc2 Rfd8 25. Be4 h6 26. Bg6 f5 27. Bxf7+ Kxf7 28. Nxd5 Rxd5 29. Bf4 Qd7 30. Rxd5 exd5 31. Qe2 Bf6 32. Qh5+ Kf8 33. Qg6 Qf7 34. Qxf5 Re8 35. Bd6+ Kg8 36. Rxe8+ Qxe8 37. b5 Qe1+ 38. Kg2 Qe8 39. b6 axb6 40. cxb6 Bd4 41. b7 Ba7 42. Qc8 Kf7 43. Qxe8+ Kxe8
44. b8=Q+ Bxb8 45. Bxb8 c5 46. Bd6 c4 47. Be5 g6 48. Kf3 Kd7 49.
Ke3 Ke6 50. Bc3 Kd6 51. Kd4 h5 52. a4 Kc6 53. a5 Kb5 54.
Kxd5 g5 55. f4 gxf4 56. gxf4 1-0

[Event "European Rapid Championship 2021"]
[Site "Katowice"]
[Date "2021.12.19"]
[Round "10.29"]
[White "Rozman, Monika"]
[Black "Budrewicz, Krzysztof"]
[Result "1-0"]
[ECO "B90"]
[WhiteElo "1998"]
[BlackElo "2281"]
[Annotator "NA"]
[PlyCount "51"]
[EventDate "2021.12.18"]
[EventType "swiss"]
[EventCountry "POL"]
[SourceTitle "playchess.com"]
[Source "ChessBase"]
[SourceQuality "1"]
[TimeControl "900+10"]

1. e4 c5 2. Nf3 a6 3. Nc3 d6 4. d4 cxd4 5. Nxd4 Nf6 6. Be3 e6 7. f3 Nbd7 8. g4 Be7 9. Qd2 h6 10. O-O-O Qc7 11. h4 Ne5 12. Bh3 Nc4 13. Qf2 Nxe3 14. Qxe3 Nd7 15. g5 Ne5 16. f4 Nc4 17. Qg3 hxg5 18. hxg5 b5 19. g6 Bh4 20. gxf7+ Qxf7 21. Bxe6 Bxe6 22. Rxh4 Rg8 23. f5 Bd7 24. Nd5 O-O-O 25. b3 Ne5 26. Qc3+ 1-0

[Event "European Rapid Championship 2021"]
[Site "Katowice"]
[Date "2021.12.19"]
[Round "10.29"]
[White "Seemann, Jakub"]
[Black "Zakrzewski, Marek"]
[Result "1/2-1/2"]
[ECO "D02"]
[WhiteElo "1862"]
[BlackElo "2239"]
[Annotator "NA"]
[PlyCount "68"]
[EventDate "2021.12.18"]
[EventType "swiss"]
[EventCountry "POL"]
[SourceTitle "playchess.com"]
[Source "ChessBase"]
[SourceQuality "1"]
[TimeControl "900+10"]

1. d4 d5 2. Nf3 Nf6 3. g3 Bf5 4. c4 c6 5. Qb3 Qb6 6. c5 Qxb3 7. axb3 Nbd7 8. Nc3 a6 9. b4 Rc8 10. Bf4 h6 11. h3 g5 12. Be5 Bg7 13.
g4 Bh7 14. Bh2 Ne4 15. e3 O-O 16. Be2 f5 17. Nxe4 fxe4 18. Nd2 e5 19. Nb3 Rf7 20. O-O Re8 21. dxe5 Nxe5 22. Nd4 Nf3+ 23. Bxf3 exf3 24. Rfe1 Be4 25. Bd6 Bf6 26. Kh2 Kg7 27. Kg3 Kg6 28. Rh1 Rd8 29. h4 gxh4+ 30. Rxh4 Bxh4+ 31. Kxh4 Kf6 32. Rh1 Rg8 33. Kg3 Rg6 34. Rh5 Kg7 1/2-1/2

[Event "European Rapid Championship 2021"]
[Site "Katowice"]
[Date "2021.12.19"]
[Round "10.30"]
[White "Laurusas, Tomas"]
[Black "Dzhuguryan, Tygran"]
[Result "1-0"]
[ECO "E40"]
[WhiteElo "2553"]
[BlackElo "2047"]
[Annotator "ChessBase"]
[PlyCount "111"]
[EventDate "2021.12.18"]
[EventType "swiss"]
[EventCountry "POL"]
[SourceTitle "playchess.com"]
[Source "ChessBase"]
[SourceQuality "1"]
[TimeControl "900+10"]

1. d4 Nf6 2. c4 e6 3. Nc3 Bb4 4. e3 d5 5. Bd2 O-O 6. Rc1 a6 7. a3 Be7 8. cxd5 exd5 9. Bd3 c5 10. dxc5 Bxc5 11. Nce2 Ba7 12. Nf3 Nc6 13. h3 Ne4 14. Bc3 Bf5 15. O-O Nxc3 16. Rxc3 Be4 17. Ng3 d4 18. Nxd4 Bxd4 19. exd4 Bxd3 20. Rxd3 Qd5 21. Qg4 g6 22. Qf4 Rfe8 23. h4 Rad8 24. h5 Re6 25. Rfd1 Rde8 26. Kh2 Kg7 27. h6+ Kg8 28. Re3 Kf8 29. Kg1 f5 30. Ne2 Re4 31. Qg5 Qf7 32. Nf4 Nxd4 33. Rxe4 Rxe4 34. Qd8+ Qe8 35. Rxd4 Qxd8 36. Rxd8+ Ke7 37. Rh8 Rxf4 38. Rxh7+ Kf6 39. Rxb7 Kg5 40. h7 Rh4 41. g3 Rh6 42. Rc7 a5 43. a4 f4 44. Kg2 Kg4 45. f3+ Kf5 46. Rc5+ Kf6 47.
gxf4 Rxh7 48. Rxa5 Rc7 49. Rb5 Rc4 50. b4 Rxf4 51. a5 Rc4 52.
a6 Rc8 53. a7 Ra8 54. Rb7 Ke6 55. b5 Kd6 56. b6 1-0

[Event "European Rapid Championship 2021"]
[Site "Katowice"]
[Date "2021.12.19"]
[Round "10.30"]
[White "Szwed, Jacek"]
[Black "Malicka, Maria"]
[Result "1-0"]
[ECO "B53"]
[WhiteElo "2372"]
[BlackElo "1947"]
[Annotator "NA"]
[PlyCount "65"]
[EventDate "2021.12.18"]
[EventType "swiss"]
[EventCountry "POL"]
[SourceTitle "playchess.com"]
[Source "ChessBase"]
[SourceQuality "1"]
[TimeControl "900+10"]

1. e4 c5 2. Nf3 d6 3. d4 cxd4 4. Qxd4 Nc6 5. Bb5 a6 6. Bxc6+ bxc6 7. O-O e5 8. Qd3 Be7 9. Rd1 Qc7 10. Bg5 Nf6 11. Bxf6 gxf6 12. Nh4 Rg8 13. h3 Rb8 14. b3 Be6 15. c4 Rd8 16. Nc3 Bf8 17. Qf3 Ke7 18.
Nf5+ Bxf5 19. Qxf5 Rg6 20. Rd3 Qd7 21. Qf3 Qe6 22. Rad1 Ke8 23.
Ne2 Be7 24. Ng3 c5 25. Qh5 h6 26. Nf5 Bf8 27. Qe2 Rd7 28. Qd2 Be7 29. Nxh6 Rg5 30. Rf3 f5 31. Nxf5 Qg6 32. Rg3 Qh5 33. Ng7+ 1-0

[Event "European Rapid Championship 2021"]
[Site "Katowice"]
[Date "2021.12.19"]
[Round "11.1"]
[White "Kindler, Przemyslaw"]
[Black "Golubovskis, Maksims"]
[Result "0-1"]
[ECO "B90"]
[WhiteElo "2032"]
[BlackElo "2210"]
[Annotator "NA"]
[PlyCount "102"]
[EventDate "2021.12.18"]
[EventType "swiss"]
[EventCountry "POL"]
[SourceTitle "playchess.com"]
[Source "ChessBase"]
[SourceQuality "1"]
[TimeControl "900+10"]

1. e4 c5 2. Nf3 d6 3. d4 cxd4 4. Nxd4 Nf6 5. Nc3 a6 6. Bc4 e6 7. Bb3 Be7 8. O-O b5 9. Qf3 Qc7 10. Bg5 O-O 11. Rad1 Nbd7 12. Bxe6 Ne5 13. Bxf7+ Rxf7 14. Qg3 b4 15. Bxf6 bxc3 16. Bxe7 Rxe7 17. bxc3 Nc4 18. f4 Rxe4 19. Rfe1 d5 20. Rxe4 dxe4 21. Qg5 Qa5 22. Qe7 Bg4 23. Qxe4 Rd8 24. Rd3 Kh8 25. h3 Bh5 26. Nc6 Qc5+ 27. Kh2 Re8 28. Rd8 Rxd8 29. Nxd8 Bg6 30. Qa8 Qf8 31. g3 Qe8 32. f5 Qe2+ 33. Kg1 Qe1+ 34. Kh2 Qe2+ 35. Kg1 Be8 36. Ne6 Qe1+ 37. Kh2 Qf2+ 38. Kh1 Qf1+ 39. Kh2 Qf2+ 40. Kh1 Qf1+ 41. Kh2 Nd6 42. Qd8 Qf2+ 43. Kh1 Qf1+ 44. Kh2 Qf2+ 45. Kh1 Qxg3 46. h4 h5 47. Ng5 Qxh4+ 48. Kg1 Qg4+ 49. Kh2 Qf4+ 50. Kg1 Qc1+ 51. Kf2 Qxg5 0-1

[Event "European Rapid Championship 2021"]
[Site "Katowice"]
[Date "2021.12.19"]
[Round "11.2"]
[White "Pultinevicius, Paulius"]
[Black "Balog, Imre"]
[Result "1-0"]
[ECO "D11"]
[WhiteElo "2536"]
[BlackElo "2629"]
[Annotator "ChessBase"]
[PlyCount "125"]
[EventDate "2021.12.18"]
[EventType "swiss"]
[EventCountry "POL"]
[SourceTitle "playchess.com"]
[Source "ChessBase"]
[SourceQuality "1"]
[TimeControl "900+10"]

1. d4 d5 2. c4 c6 3. Nf3 Nf6 4. Qc2 g6 5. Bf4 dxc4 6. Qxc4 Qb6 7. Qc1 Bg4 8. Nbd2 Bg7 9. h3 Bxf3 10. Nxf3 Nbd7 11. e3 c5 12. Bc4 Qb4+ 13. Qc3 Qb6 14. dxc5 Nxc5 15. Rc1 Ne6 16. Be5 Ne4 17. Qa3 O-O 18. Bxg7 Nxg7 19. Qxe7 Qxb2 20. O-O Rae8 21. Qh4 Nf5 22. Qf4 Re7 23. Rb1 Qf6 24. Bd3 Nc3 25. Rb3 Rc8 26. Nd4 Nd5 27. Qg4 h5 28. Qf3 Nxd4 29. Qxf6 Nxf6 30. exd4 Rd8 31. Rb4 Red7 32. Be2 Nd5 33. Rb3 Nf4 34. Bf3 b6 35. Ra3 Ne6 36. Bc6 Rc7 37. d5 Nd4 38. Ra4 Ne2+ 39. Kh2 Nc3 40.
Rc4 Nxa2 41. Ra1 b5 42. Bxb5 Rxc4 43. Bxc4 Nb4 44. Rxa7 Nxd5 45. Kg3 Kf8 46. Kh4 Ne7 47. Kg5 Rd2 48. f4 Rxg2+ 49. Kh6 Nf5+ 50. Kh7 Nd6 51. Bd5 Rd2 52. Ba2 Rb2 53. Ra6 Ke7 54. Ra7+ Kf6 55. Ra6 Rd2 56. Kg8 Kf5 57. Ra4 h4 58. Kg7 Rb2 59.
Bd5 Rb5 60. Bc6 Ke6 61. Bxb5 Nxb5 62. Ra6+ Nd6 63. Rxd6+ 1-0

[Event "European Rapid Championship 2021"]
[Site "Katowice"]
[Date "2021.12.19"]
[Round "11.2"]
[White "Walter, Szymon"]
[Black "Seemann, Jakub"]
[Result "0-1"]
[ECO "B23"]
[WhiteElo "2203"]
[BlackElo "1862"]
[Annotator "NA"]
[PlyCount "72"]
[EventDate "2021.12.18"]
[EventType "swiss"]
[EventCountry "POL"]
[SourceTitle "playchess.com"]
[Source "ChessBase"]
[SourceQuality "1"]
[TimeControl "900+10"]

1. e4 c5 2. Nc3 d6 3. f4 g6 4. Nf3 Bg7 5. Bb5+ Bd7 6. Bc4 Nc6 7. d3 Nf6 8. O-O O-O 9. Qe1 Na5 10. Bb3 Nxb3 11. axb3 e6 12. Qh4 Nh5 13. Qh3 f5 14. g4 fxg4 15. Qxg4 Nxf4 16. Bxf4 e5 17. Qg5 Rxf4 18. Qxd8+ Rxd8 19. Rxa7 Bh3 20. Nd5 Rg4+ 21. Kf2 Bxf1 22. Kxf1 Rf8 23. Kf2 h5 24. h3 Rg5 25. Ne7+ Kh8 26. Nf5 Bf6 27. Nxd6 Be7 28. Nc4 h4 29. Rxb7 Bd8 30. Rd7 Rg3 31. Ncxe5 Kg8 32. Ng4 Rgxf3+ 33. Ke2 Bg5 34. Rd5 Bc1 35. Rxc5 Rxh3 36. Rc7 Rg3 0-1

[Event "European Rapid Championship 2021"]
[Site "Katowice"]
[Date "2021.12.19"]
[Round "11.3"]
[White "Bernadskiy, Vitaliy"]
[Black "Donchenko, Alexander"]
[Result "0-1"]
[ECO "B13"]
[WhiteElo "2616"]
[BlackElo "2535"]
[Annotator "ChessBase"]
[PlyCount "70"]
[EventDate "2021.12.18"]
[EventType "swiss"]
[EventCountry "POL"]
[SourceTitle "playchess.com"]
[Source "ChessBase"]
[SourceQuality "1"]
[TimeControl "900+10"]

1. e4 c6 2. d4 d5 3. exd5 cxd5 4. c4 Nf6 5. Nc3 Nc6 6. Nf3 a6 7. Ne5 e6 8. Be2 Bd6 9. Nxc6 bxc6 10. O-O O-O 11. Bg5 a5 12. b3 h6 13. Bh4 Ba6 14. c5 Bxe2 15. Qxe2 Bc7 16. f4 Qb8 17. Bxf6 gxf6 18. Qh5 Kh7 19. Rf3 Qb4 20. Ne2 Qd2 21. Kf1 a4 22. b4 a3 23. b5 cxb5 24. Rb1 Qxa2 25. Rbb3 Qc2 26. Rxa3 Rxa3 27. Rxa3 Bxf4 28. Ra7 Be3 29. Rxf7+ Kg8 30. Rxf8+ Kxf8 31. g3 Qe4 32. Nf4 Bxf4 33. gxf4 Qxf4+ 34. Ke2 Qe4+ 35. Kf1 Qf5+ 0-1

[Event "European Rapid Championship 2021"]
[Site "Katowice"]
[Date "2021.12.19"]
[Round "11.3"]
[White "Malik, Maciej"]
[Black "Paszewski, Mateusz"]
[Result "0-1"]
[ECO "D12"]
[WhiteElo "1849"]
[BlackElo "2202"]
[Annotator "NA"]
[PlyCount "110"]
[EventDate "2021.12.18"]
[EventType "swiss"]
[EventCountry "POL"]
[SourceTitle "playchess.com"]
[Source "ChessBase"]
[SourceQuality "1"]
[TimeControl "900+10"]

1. d4 d5 2. Nf3 Nf6 3. e3 Bf5 4. c4 c6 5. Qb3 Qc7 6. Nc3 e6 7. Bd2 a6 8. Rc1 dxc4 9. Bxc4 b5 10. Be2 c5 11. dxc5 Bxc5 12. Nd4 Nbd7 13. Nxf5 exf5 14. Nd5 Qd6 15. Nxf6+ Nxf6 16. Bc3 Ne4 17. O-O O-O 18. Rfd1 Qe7 19. Bd4 Bxd4 20. Rxd4 Rac8 21. Rcd1 Rc7 22. Qd3 g6 23. Bf3 Nc5 24. Qa3 Rfc8 25. Qa5 Ne6 26. R4d2 Ng5 27. Bd5 Rc1 28. h4 Ne4 29. Bxe4 Qxe4 30. Qd8+ Kg7 31. Rxc1 Rxc1+ 32. Kh2 Qe5+ 33. g3 Qe4 34. Qd4+ Qxd4 35. exd4 Kf6 36. Kg2 Ke6 37. Kf3 Kd5 38. Ke3 Re1+ 39. Kd3 Re4 40. Kc3 f4 41. Rd3 fxg3 42. fxg3 f5 43. Kb4 Rxd4+ 44. Rxd4+ Kxd4 45. Ka5 h6 46. Kxa6 Kc5 47. Ka5 g5 48. b4+ Kc4 49. a4 bxa4 50.
Kxa4 f4 51. b5 f3 52. b6 f2 53. b7 f1=Q 54. Ka5 Qf8 55. Kb6 Qb8 0-1

[Event "European Rapid Championship 2021"]
[Site "Katowice"]
[Date "2021.12.19"]
[Round "11.4"]
[White "Fridman, Daniel"]
[Black "Krasenkow, Michal"]
[Result "1/2-1/2"]
[ECO "D85"]
[WhiteElo "2626"]
[BlackElo "2576"]
[Annotator "ChessBase"]
[PlyCount "122"]
[EventDate "2021.12.18"]
[EventType "swiss"]
[EventCountry "POL"]
[SourceTitle "playchess.com"]
[Source "ChessBase"]
[SourceQuality "1"]
[TimeControl "900+10"]

1. d4 Nf6 2. c4 g6 3. Nc3 d5 4. cxd5 Nxd5 5. Bd2 Nb6 6. Nf3 Bg7 7. Bg5 c5 8. e3 cxd4 9. Nxd4 Nc6 10. Nxc6 Bxc3+ 11. bxc3 Qxd1+ 12. Kxd1 bxc6 13. e4 Be6 14. Kc2 Nc4 15. a4 Rb8 16. Bxc4 Bxc4 17. Rab1 Kd7 18. Bf4 Rxb1 19. Rxb1 Ba6 20. Bb8 Ke6 21. Bxa7 Rd8 22. Bd4 c5 23. Rb6+ Rd6 24. Bxc5 Bd3+ 25. Kb3 Rxb6+ 26. Bxb6 Bxe4 27. f3 Bd3 28. c4 Kd6 29. a5 Kc6 30. Bd8 e5 31. Bf6 Bf1 32. g4 Bg2 33. Bxe5 Bxf3 34. g5 Bg4 35. Kc3 Bc8 36. Kd4 Ba6 37. Bf6 Kd6 38. Bd8 Kc6 39. Bb6 Kd6 40. c5+ Kc6 41. Ke5 Bb5 42. Kf6 Bc4 43. Kg7 Kd7 44. Kxh7 Bb5 45. Kg7 Ke7 46. Bc7 Ke8 47. Kf6 Bc6 48. Bg3 Bf3 49. Bf2 Bg2 50. Ke5 Kd7 51. Kd4 Kc6 52. Bg3 Bf3 53. a6 Kd7 54. Bf4 Be2 55. a7 Bf3 56. Kc4 Bc6 57. h4 Bf3 58. Kd4 Bg2 59.
Ke5 Bf3 60. Kf6 Ke8 61. Bd2 Bg2 1/2-1/2

[Event "European Rapid Championship 2021"]
[Site "Katowice"]
[Date "2021.12.19"]
[Round "11.4"]
[White "Nasuta, Grzegorz"]
[Black "Mirski, Michal"]
[Result "1-0"]
[ECO "B31"]
[WhiteElo "2345"]
[BlackElo "1852"]
[Annotator "NA"]
[PlyCount "123"]
[EventDate "2021.12.18"]
[EventType "swiss"]
[EventCountry "POL"]
[SourceTitle "playchess.com"]
[Source "ChessBase"]
[SourceQuality "1"]
[TimeControl "900+10"]

1. e4 c5 2. Nf3 Nc6 3. Bb5 g6 4. Bxc6 dxc6 5. d3 Bg7 6. h3 e5 7. Be3 b6 8. a4 a5 9. Na3 Ba6 10. Nd2 Nf6 11. Nac4 Qc7 12. b4 axb4 13. a5 Nd7 14. axb6 Nxb6 15. Bxc5 Nxc4 16. Nxc4 Bf8 17. Bxf8 Kxf8 18. Ra5 f6 19. Qa1 Qb7 20. Nd6 Qc7 21. Rxa6 Rxa6 22. Qxa6 Qxd6 23. Qb7 c5 24. O-O Qe7 25. Qb6 Kg7 26. Ra1 Rd8 27. Ra7 Rd7 28. Rxd7 Qxd7 29. Qxc5 Qb7 30. g3 h5 31. h4 Kf7 32. Kf1 Ke6 33. Ke2 f5 34. f3 fxe4 35. fxe4 Qb8 36. Qc6+ Kf7 37. Kd2 Kg7 38. Qe6 Qc7 39. Qc4 Qb6 40. d4 exd4 41. Kd3 Kh6 42. Qxd4 Qb5+ 43. Ke3 Kh7 44. e5 b3 45. cxb3 Qxb3+ 46. Kf4 Qf7+ 47. Ke4 Qb7+ 48. Ke3 Qb3+ 49. Qd3 Qb6+ 50. Kf3 Qc6+ 51. Kf4 Qe6 52. Qe4 Qg4+ 53. Ke3 Qxg3+ 54. Kd4 Qf2+ 55. Kd5 Qa2+ 56. Kd6 Qa3+ 57. Kd7 Qa7+ 58. Kc8 Qe7 59. Qb7 Qxb7+ 60. Kxb7 Kg7 61. Kc7 g5 62. e6 1-0

[Event "European Rapid Championship 2021"]
[Site "Katowice"]
[Date "2021.12.19"]
[Round "11.5"]
[White "Brodowski, Piotr"]
[Black "Klekowski, Maciej"]
[Result "1-0"]
[ECO "A27"]
[WhiteElo "2414"]
[BlackElo "2528"]
[Annotator "ChessBase"]
[PlyCount "95"]
[EventDate "2021.12.18"]
[EventType "swiss"]
[EventCountry "POL"]
[SourceTitle "playchess.com"]
[Source "ChessBase"]
[SourceQuality "1"]
[TimeControl "900+10"]

1. c4 e5 2. Nc3 Nc6 3. Nf3 f5 4. d4 e4 5. Ng5 Nf6 6. g3 Bb4 7. Bg2 Na5 8. Qa4 Bxc3+ 9. bxc3 b6 10. Ne6 b5 11. Nxg7+ Kf7 12. Qxa5 Kxg7 13. cxb5 c6 14. Qxd8 Rxd8 15. bxc6 Ba6 16. c7 Rdc8 17. Bf4 Nd5 18. Be5+ Kf7 19. Bh3 Kg6 20. g4 Nxc7 21. gxf5+ Kf7 22. Rg1 Ne8 23. Kd2 d6 24. Bf4 Rc6 25. Rab1 Rac8 26. Rb3 R8c7 27. Bg2 Nf6 28. Bg5 Bc4 29. Ra3 Rb6 30. Bxf6 Kxf6 31. Bxe4 Rb2+ 32. Bc2 Bxe2 33. Rb1 Rxb1 34. Bxb1 Bc4 35. Bd3 Bxd3 36. Kxd3 Kxf5 37. Ra6 Rd7 38. c4 Kf4 39. Ra5 Rb7 40. Rh5 Rb2 41. Rxh7 Rxa2 42. Rf7+ Kg5 43. Ke4 a5 44. Kd5 a4 45. Kxd6 Rd2 46. d5 a3 47. Ra7 a2 48. c5 1-0

[Event "European Rapid Championship 2021"]
[Site "Katowice"]
[Date "2021.12.19"]
[Round "11.5"]
[White "Spalir, Jernej"]
[Black "Paprocki, Jaroslaw"]
[Result "1-0"]
[ECO "D45"]
[WhiteElo "2340"]
[BlackElo "2165"]
[Annotator "NA"]
[PlyCount "131"]
[EventDate "2021.12.18"]
[EventType "swiss"]
[EventCountry "POL"]
[SourceTitle "playchess.com"]
[Source "ChessBase"]
[SourceQuality "1"]
[TimeControl "900+10"]

1. d4 Nf6 2. c4 e6 3. Nf3 d5 4. Nc3 c6 5. e3 Nbd7 6. Qc2 Bd6 7. g4 Nxg4 8.
Rg1 Nxh2 9. Nxh2 Bxh2 10. Rxg7 Nf8 11. Rg2 Bd6 12. Bd2 f5 13. O-O-O Ng6 14. Be2 Bd7 15. Rh1 Kf7 16. f3 dxc4 17. Bxc4 c5 18. dxc5 Rc8 19. Qxf5+ Kg7 20. Bxe6 Bxe6 21. Qxe6 Rxc5 22. Kb1 Re5 23. Rxh7+ Rxh7 24. Rxg6+ Kh8 25. Qxd6 Qxd6 26. Rxd6 Rh2 27. e4 Reh5 28. Kc2 Rf2 29. f4 b5 30. Rd5 Rhh2 31. f5 a6 32. a3 Kg7 33. Rd6 Kf7 34. f6 Rxf6 35.
Rxf6+ Kxf6 36. Kd3 Ke5 37. b4 Rf2 38. Nd5 Kd6 39. Nc3 Ke5 40.
Be3 Rh2 41. Bd4+ Kd6 42. a4 bxa4 43. Nxa4 Kc6 44. Kc4 Rc2+ 45. Bc3 Rc1 46. Nc5 Kb6 47. e5 Rh1 48. e6 Rh4+ 49. Kd5 Rh7 50.
Kd6 Kb5 51. Nxa6 Rh3 52. e7 Rd3+ 53. Ke6 Rxc3 54. e8=Q+ Kxa6 55. Kd5 Kb7 56. Qe7+ Kb8 57. Qe5+ Rc7 58. Qxc7+ Kxc7 59. Kc5 Kb7 60. Kb5 Ka7 61. Kc6 Ka8 62. Kb6 Kb8 63. b5 Ka8 64. Kc7 Ka7 65.
b6+ Ka8 66. b7+ 1-0

[Event "European Rapid Championship 2021"]
[Site "Katowice"]
[Date "2021.12.19"]
[Round "11.6"]
[White "Piesik, Piotr"]
[Black "Janik, Igor"]
[Result "0-1"]
[ECO "E20"]
[WhiteElo "2342"]
[BlackElo "2462"]
[Annotator "ChessBase"]
[PlyCount "134"]
[EventDate "2021.12.18"]
[EventType "swiss"]
[EventCountry "POL"]
[SourceTitle "playchess.com"]
[Source "ChessBase"]
[SourceQuality "1"]
[TimeControl "900+10"]

1. d4 Nf6 2. c4 e6 3. Nc3 Bb4 4. f3 c5 5. d5 O-O 6. e4 d6 7. Nge2 a6 8. Ng3 exd5 9. cxd5 b5 10. Be2 Nbd7 11. O-O c4 12. a4 Rb8 13. axb5 axb5 14. Kh1 Nc5 15. Bf4 Re8 16. Ra2 Qb6 17. Qc2 Nfd7 18. Be3 Qd8 19. Nd1 Nb3 20. Nf2 Bc5 21. Bxc5 Ndxc5 22. Qc3 g6 23. Bd1 Qg5 24. Bxb3 Nxb3 25. Ra7 Qd8 26. Ng4 Bxg4 27. fxg4 Re7 28. Qe3 Nc5 29. Rxe7 Qxe7 30. Qf4 Nd3 31. Qf3 Ne5 32. Qf4 b4 33. Ne2 Rc8 34. Nd4 c3 35. bxc3 bxc3 36.
Nc2 Rb8 37. h3 Rb2 38. Nd4 c2 39. Qd2 Nc4 40. Qd3 Ne5 41. Qa6 Qc7 42. Rc1 Rb1 43. Qf1 Qc4 44. Rxb1 cxb1=Q 45. Qxb1 Qxd4 46. Qb8+ Kg7 47. Qxd6 Qxe4 48. g5 Qf5 49. Qe7 Nc4 50. Qc5 Qf1+ 51. Kh2 Qf4+ 52. Kh1 h6 53. gxh6+ Kxh6 54. Qf8+ Kh7 55. Qb4 Qd4 56. Qb7 Kg7 57. Qc6 Qa1+ 58. Kh2 Qe5+ 59. Kh1 Nd6 60. Qc5 Nf5 61. Qc6 Ne7 62. Qd7 Nxd5 63. Qg4 Nf6 64. Qf3 Ne4 65. Kg1 Ng3 66. Kf2 Nf5 67. Kg1 Qe3+ 0-1

[Event "European Rapid Championship 2021"]
[Site "Katowice"]
[Date "2021.12.19"]
[Round "11.6"]
[White "Druckenthaner, Andreas"]
[Black "Mica, Marek"]
[Result "1-0"]
[ECO "B10"]
[WhiteElo "2291"]
[BlackElo "2060"]
[Annotator "NA"]
[PlyCount "109"]
[EventDate "2021.12.18"]
[EventType "swiss"]
[EventCountry "POL"]
[SourceTitle "playchess.com"]
[Source "ChessBase"]
[SourceQuality "1"]
[TimeControl "900+10"]

1. e4 c6 2. d3 d5 3. Qe2 dxe4 4. dxe4 e5 5. Nf3 Qc7 6. Nbd2 Nf6 7. Nc4 Nbd7 8. Bg5 b5 9. Bxf6 bxc4 10. Bg5 Nb6 11. c3 Be6 12. Be3 f6 13.
Qc2 Be7 14. Nd2 c5 15. Nxc4 O-O 16. Nd2 c4 17. Be2 Bc5 18. Bxc5 Qxc5 19. O-O a5 20. Rad1 a4 21. a3 Ra5 22. Nf3 Rb5 23. Rd2 Kf7 24. Rfd1 Ke7 25. Nh4 g6 26. h3 Rb8 27. Bg4 Bf7 28. Qc1 Qc6 29. Re2 h5 30.
Bf3 Nd7 31. Qh6 Nf8 32. Bxh5 Rxb2 33. Rxb2 Rxb2 34. Bxg6 Nxg6 35. Nxg6+ Bxg6 36. Qxg6 Rb3 37. Qh7+ Ke6 38.
Qg8+ Ke7 39. Rd8 Rxc3 40. Qf8+ Ke6 41. Re8+ Qxe8 42. Qxe8+ Kd6 43. Qxa4 Rc1+ 44. Kh2 c3 45. Qb4+ Kc6 46. a4 f5 47. exf5 Kd5 48. a5 e4 49. a6 Ke5 50. a7 c2 51. Qc5+ Kf6 52. a8=Q e3 53.
Qaf8+ Kg5 54. Qxe3+ Kh5 55. Qfh6# 1-0